SNL (28 & UNDER)
WICHITA WRANGLERS @ BLACKIRON DRAGONS
08/08/2023
 
TOP OF THE 1ST
Wichita Wranglers batting - Pitching for BlackIron Dragons : LHP Pedro Valdés
Pitching: LHP Pedro Valdés
Batting: SHB Martín Medina 0-0: Ground out U3 (Groundball, 3)
Batting: RHB António Gonzáles 0-0: Swinging Strike
0-1: Ball
1-1: Foul Ball, location: 2F
1-2: Ball
2-2: Strikes out swinging
Batting: RHB Bob Hall 0-0: Ball
1-0: Ball
2-0: Ball
3-0: Called Strike
3-1: Base on Balls
Batting: RHB Cho-yun Qiao 0-0: Ball
1-0: Ball
2-0: Called Strike
2-1: Ball
3-1: Base on Balls
Bob Hall to second
Batting: RHB Andrés Lara 0-0: Called Strike
0-1: Ball
1-1: Ball
2-1: Called Strike
2-2: Foul Ball, location: 2F
2-2: Ball
3-2: Strikes out swinging
Top of the 1st over - 0 run(s), 0 hit(s), 0 error(s), 2 left on base; Wichita 0 - BlackIron 0
BOTTOM OF THE 1ST
BlackIron Dragons batting - Pitching for Wichita Wranglers : RHP Alfonso Ortíz
Pitching: RHP Alfonso Ortíz
Batting: RHB Dallas Blair 0-0: Ground out 6-3 (Groundball, 6)
Batting: RHB Ed Sims 0-0: Ground out 4-3 (Groundball, 4)
Batting: RHB Robert Buckley 0-0: Called Strike
0-1: Ball
1-1: Ball
2-1: Foul Ball, location: 2F
2-2: Ball
3-2: Foul Ball, location: 2F
3-2: Foul Ball, location: 2F
3-2: Base on Balls
Batting: RHB Jonah Duncan 0-0: Ball
1-0: Ball
2-0: Ball
3-0: Base on Balls
Robert Buckley to second
Batting: LHB Brian Roy 0-0: Ground out 4-3 (Groundball, 4)
Bottom of the 1st over - 0 run(s), 0 hit(s), 0 error(s), 2 left on base; Wichita 0 - BlackIron 0
TOP OF THE 2ND
Wichita Wranglers batting - Pitching for BlackIron Dragons : LHP Pedro Valdés
Batting: RHB Don Thomas 0-0: Ball
1-0: Swinging Strike
1-1: Swinging Strike
1-2: Foul Ball, location: 2F
1-2: Strikes out swinging
Batting: SHB Javier Peña 0-0: Ball
1-0: Ball
2-0: Ball
3-0: Base on Balls
Batting: RHB Luis Sánchez 0-0: Ball
1-0: Foul Ball, location: 2F
1-1: Called Strike
1-2: Fly out, F8 (Flyball, 8LXD)
Batting: RHB Dave Henderson 0-0: Ball
Pickoff Throw to First - Out!
Top of the 2nd over - 0 run(s), 0 hit(s), 0 error(s), 0 left on base; Wichita 0 - BlackIron 0
BOTTOM OF THE 2ND
BlackIron Dragons batting - Pitching for Wichita Wranglers : RHP Alfonso Ortíz
Batting: RHB Edgardo Carrasco 0-0: Ball
1-0: SINGLE (Groundball, 6)
Batting: RHB Phil Jacobs 0-0: Ball
Edgardo Carrasco steals 2nd base
1-0: Ball
2-0: Called Strike
2-1: Ground out 6-3 (Groundball, 6M)
Edgardo Carrasco to third
Batting: RHB José Colón 0-0: Swinging Strike
0-1: Foul Ball, location: 2F
0-2: Ball
1-2: Ball
2-2: Strikes out looking
Batting: RHB Joaquín Rosales 0-0: Ball
1-0: Ground out 4-3 (Groundball, 4M)
Bottom of the 2nd over - 0 run(s), 1 hit(s), 0 error(s), 1 left on base; Wichita 0 - BlackIron 0
TOP OF THE 3RD
Wichita Wranglers batting - Pitching for BlackIron Dragons : LHP Pedro Valdés
Batting: RHB Dave Henderson 0-0: Ball
1-0: Ball
2-0: Ball
3-0: Called Strike
3-1: Foul Ball, location: 2F
3-2: SINGLE (Line Drive, 56D)
Batting: SHB Martín Medina 0-0: Ball
1-0: Called Strike
1-1: Ball
2-1: Called Strike
2-2: Ball
3-2: Foul Ball, location: 2F
3-2: Strikes out swinging
Batting: RHB António Gonzáles 0-0: Grounds into double play, 6-4-3 (Groundball, 6)
Top of the 3rd over - 0 run(s), 1 hit(s), 0 error(s), 0 left on base; Wichita 0 - BlackIron 0
BOTTOM OF THE 3RD
BlackIron Dragons batting - Pitching for Wichita Wranglers : RHP Alfonso Ortíz
Batting: RHB Dallas Blair 0-0: Called Strike
0-1: Bunt for hit - play at first, batter OUT! 1-3
Batting: RHB Ed Sims 0-0: Called Strike
0-1: SINGLE (Line Drive, 4M)
Batting: RHB Robert Buckley 0-0: Ball
1-0: Foul Ball, location: 2F
1-1: Called Strike
1-2: Ball
2-2: Foul Ball, location: 2F
2-2: Strikes out swinging
Batting: RHB Jonah Duncan 0-0: Called Strike
0-1: Swinging Strike
0-2: Strikes out swinging
Bottom of the 3rd over - 0 run(s), 1 hit(s), 0 error(s), 1 left on base; Wichita 0 - BlackIron 0
TOP OF THE 4TH
Wichita Wranglers batting - Pitching for BlackIron Dragons : LHP Pedro Valdés
Batting: RHB Bob Hall 0-0: Called Strike
0-1: Ball
1-1: Foul Ball, location: 2F
1-2: Foul Ball, location: 2F
1-2: Ball
2-2: Fly out, F3 (Popup, 3F)
Batting: RHB Cho-yun Qiao 0-0: Foul Ball, location: 2F
0-1: Foul Ball, location: 2F
0-2: Ball
1-2: Ball
2-2: Ground out 5-3 (Groundball, 56)
Batting: RHB Andrés Lara 0-0: Ground out 6-3 (Groundball, 6)
Top of the 4th over - 0 run(s), 0 hit(s), 0 error(s), 0 left on base; Wichita 0 - BlackIron 0
BOTTOM OF THE 4TH
BlackIron Dragons batting - Pitching for Wichita Wranglers : RHP Alfonso Ortíz
Batting: LHB Brian Roy 0-0: Foul Ball, location: 2F
0-1: Ground out U3 (Groundball, 3)
Batting: RHB Edgardo Carrasco 0-0: Ball
1-0: Called Strike
1-1: Fly out, F8 (Flyball, 8RM)
Batting: RHB Phil Jacobs 0-0: Called Strike
0-1: Ball
1-1: Called Strike
1-2: Foul Ball, location: 2F
1-2: Strikes out swinging
Bottom of the 4th over - 0 run(s), 0 hit(s), 0 error(s), 0 left on base; Wichita 0 - BlackIron 0
TOP OF THE 5TH
Wichita Wranglers batting - Pitching for BlackIron Dragons : LHP Pedro Valdés
Batting: RHB Don Thomas 0-0: SINGLE (Line Drive, 78S)
Batting: SHB Javier Peña 0-0: Called Strike
0-1: Grounds into double play, 4-6-3 (Groundball, 4)
Batting: RHB Luis Sánchez 0-0: Ball
1-0: Foul Ball, location: 2F
1-1: Ball
2-1: Ground out 5-3 (Groundball, 5S)
Top of the 5th over - 0 run(s), 1 hit(s), 0 error(s), 0 left on base; Wichita 0 - BlackIron 0
BOTTOM OF THE 5TH
BlackIron Dragons batting - Pitching for Wichita Wranglers : RHP Alfonso Ortíz
Batting: RHB José Colón 0-0: Ball
1-0: Foul Ball, location: 2F
1-1: Ball
2-1: Ball
3-1: Foul Ball, location: 2F
3-2: Foul Ball, location: 2F
3-2: Base on Balls
Batting: RHB Joaquín Rosales 0-0: Ball
1-0: Foul Ball, location: 2F
1-1: Ball
2-1: Ball
3-1: Base on Balls
José Colón to second
Batting: RHB Dallas Blair 0-0: Called Strike
0-1: Ball
1-1: SINGLE (Groundball, 56D)
José Colón to third
Joaquín Rosales to second
Batting: RHB Ed Sims 0-0: Called Strike
0-1: Grounds into double play, U4-3 (Groundball, 4M)
José Colón scores
Joaquín Rosales to third
Batting: RHB Robert Buckley 0-0: Intentional Walk
Batting: RHB Jonah Duncan 0-0: Ball
1-0: Called Strike
1-1: Ball
2-1: Foul Ball, location: 2F
2-2: Foul Ball, location: 2F
2-2: Strikes out swinging
Bottom of the 5th over - 1 run(s), 1 hit(s), 0 error(s), 2 left on base; Wichita 0 - BlackIron 1
TOP OF THE 6TH
Wichita Wranglers batting - Pitching for BlackIron Dragons : LHP Pedro Valdés
Batting: RHB Dave Henderson 0-0: Ball
1-0: Ground out 1-3 (Groundball, 23)
Batting: SHB Martín Medina 0-0: Ball
1-0: Ball
2-0: Foul Ball, location: 2F
2-1: Ball
3-1: Base on Balls
Pitching: RHP Esteban Hernández
Batting: RHB António Gonzáles 0-0: Called Strike
0-1: Swinging Strike
0-2: Ball
1-2: Ball
2-2: Ball
3-2: Foul Ball, location: 2F
3-2: Foul Ball, location: 2F
3-2: SINGLE (Groundball, 56D)
Martín Medina to second
Martín Medina to third
Batting: RHB Bob Hall 0-0: Ball
1-0: Called Strike
1-1: Fly out, F8 (Flyball, 8LD)
Runner from 3rd tags up, SCORES, no throw
Batting: RHB Cho-yun Qiao 0-0: Ball
1-0: Called Strike
1-1: Called Strike
1-2: Ball
2-2: Foul Ball, location: 2F
2-2: Fly out, F7 (Line Drive, 7M)
Top of the 6th over - 1 run(s), 1 hit(s), 0 error(s), 1 left on base; Wichita 1 - BlackIron 1
BOTTOM OF THE 6TH
BlackIron Dragons batting - Pitching for Wichita Wranglers : RHP Alfonso Ortíz
Batting: LHB Brian Roy 0-0: Ball
1-0: Ball
2-0: Foul Ball, location: 2F
2-1: Called Strike
2-2: Ball
3-2: Foul Ball, location: 2F
3-2: Foul Ball, location: 2F
3-2: Fly out, F7 (Flyball, 78M)
Pitching: RHP Dave Grant
Batting: RHB Edgardo Carrasco 0-0: SOLO HOME RUN (Flyball, 78XD), Distance : 412 ft
Batting: RHB Phil Jacobs 0-0: Called Strike
0-1: Ball
1-1: Foul Ball, location: 2F
1-2: Strikes out swinging
Batting: RHB José Colón 0-0: Ball
1-0: Ball
2-0: Ball
3-0: Called Strike
3-1: Foul Ball, location: 2F
3-2: Fly out, F7 (Flyball, 7LM)
Bottom of the 6th over - 1 run(s), 1 hit(s), 0 error(s), 0 left on base; Wichita 1 - BlackIron 2
TOP OF THE 7TH
Wichita Wranglers batting - Pitching for BlackIron Dragons : RHP Esteban Hernández
Batting: RHB Andrés Lara 0-0: Ball
1-0: Ball
2-0: Called Strike
2-1: Foul Ball, location: 2F
2-2: Foul Ball, location: 2F
2-2: Ball
3-2: Foul Ball, location: 2F
3-2: Base on Balls
Batting: RHB Don Thomas 0-0: Ball
Andrés Lara steals 2nd base
1-0: Called Strike
1-1: Ball
2-1: Ball
3-1: SINGLE (Line Drive, 56D)
Andrés Lara to third
Runner from 3rd tries for Home, throw and OUT!
Don Thomas to second
Pinch Hitting: RHB Felipe Rivas 0-0: Called Strike
0-1: Ball
1-1: Ball
2-1: Swinging Strike
2-2: Strikes out swinging
Pinch Hitting: LHB Mario Cornelo 0-0: Ball
1-0: Ball
2-0: Called Strike
2-1: Swinging Strike
2-2: Strikes out swinging
Top of the 7th over - 0 run(s), 1 hit(s), 0 error(s), 1 left on base; Wichita 1 - BlackIron 2
BOTTOM OF THE 7TH
BlackIron Dragons batting - Pitching for Wichita Wranglers : RHP Dave Grant
Now at 2B: Mario Cornelo
Now in LF: Felipe Rivas
Batting: RHB Joaquín Rosales 0-0: Ball
1-0: Swinging Strike
1-1: Foul Ball, location: 2F
1-2: Ball
2-2: Ball
3-2: Fly out, F8 (Flyball, 89M)
Batting: RHB Dallas Blair 0-0: Ball
1-0: Called Strike
1-1: Ball
2-1: Swinging Strike
2-2: Strikes out looking
Batting: RHB Ed Sims 0-0: Called Strike
0-1: Ball
1-1: Foul Ball, location: 2F
1-2: Strikes out swinging
Bottom of the 7th over - 0 run(s), 0 hit(s), 0 error(s), 0 left on base; Wichita 1 - BlackIron 2
TOP OF THE 8TH
Wichita Wranglers batting - Pitching for BlackIron Dragons : RHP Esteban Hernández
Pitching: RHP Luis Canseco
Now at 1B: Ramón Pérez
Batting: RHB Dave Henderson 0-0: Fly out, F8 (Line Drive, 8LS)
Batting: SHB Martín Medina 0-0: Ball
1-0: Ball
2-0: Called Strike
2-1: Called Strike
2-2: Ball
3-2: Base on Balls
Batting: RHB António Gonzáles 0-0: Ball
1-0: Grounds into double play, 4-6-3 (Groundball, 4)
Top of the 8th over - 0 run(s), 0 hit(s), 0 error(s), 0 left on base; Wichita 1 - BlackIron 2
BOTTOM OF THE 8TH
BlackIron Dragons batting - Pitching for Wichita Wranglers : RHP Dave Grant
Batting: RHB Robert Buckley 0-0: Ball
1-0: Fly out, F8 (Flyball, 8RD)
Pitching: LHP Tommy Campbell
Batting: RHB Jonah Duncan 0-0: Ball
1-0: Ball
2-0: Ball
3-0: Called Strike
3-1: Base on Balls
Pinch Hitting: RHB Brian Jackson 0-0: Ball
1-0: Swinging Strike
1-1: Foul Ball, location: 2F
1-2: DOUBLE (Groundball, 5L)
Jonah Duncan to third
Runner from 3rd tries for Home, throw and OUT!
Batting: RHB Edgardo Carrasco 0-0: Fly out, F6 (Popup, 6)
Bottom of the 8th over - 0 run(s), 1 hit(s), 0 error(s), 1 left on base; Wichita 1 - BlackIron 2
TOP OF THE 9TH
Wichita Wranglers batting - Pitching for BlackIron Dragons : RHP Luis Canseco
Pitching: RHP César Rúbio
Now in LF: Aurelio Torrez
Batting: RHB Bob Hall 0-0: Ball
1-0: Called Strike
1-1: Foul Ball, location: 2F
1-2: Fly out, F9 (Flyball, 89M)
Batting: RHB Cho-yun Qiao 0-0: Foul Ball, location: 2F
0-1: Ball
1-1: Foul Ball, location: 2F
1-2: Ball
2-2: Ball
3-2: Strikes out swinging
Batting: RHB Andrés Lara 0-0: Reached on Error, E3 (Line Drive, 3)
Batting: RHB Don Thomas 0-0: Ball
1-0: Foul Ball, location: 2F
1-1: Ball
2-1: Ball
3-1: DOUBLE (Groundball, 5L)
Andrés Lara to third
Batting: RHB Felipe Rivas 0-0: Swinging Strike
0-1: Swinging Strike
0-2: Strikes out swinging
Top of the 9th over - 0 run(s), 1 hit(s), 1 error(s), 2 left on base; Wichita 1 - BlackIron 2
This league is powered by Out of the Park Baseball, the baseball management simulation game for PC, Mac and Linux
Wednesday, December 2nd, 2015 - OOTP Baseball 16.8 Build 38